 Dungeon Crawl Stone Soup version 0.17.0-26-gececa24 (webtiles) character file.

338 MDvedh the Twirler (level 6, 0/44 HPs)
             Began as a Demonspawn Gladiator on Nov 19, 2015.
             Was an Initiate of Okawaru.
             Slain by a gnoll
             ... wielding a +0 whip
              (2 damage)
             ... on level 3 of the Dungeon.
             The game lasted 00:05:28 (3363 turns).

MDvedh the Twirler (Demonspawn Gladiator)           Turns: 3363, Time: 00:05:29

Health: 0/44       AC:  8    Str: 17    XL:     6   Next: 29%
Magic:  6/6        EV:  3    Int:  9    God:    Okawaru [......]
Gold:   46         SH:  0    Dex: 14    Spells: 0 memorised, 5 levels left

rFire  . . .     SeeInvis .     a - +0 quarterstaff
rCold  + . .     Clarity  .     m - +0 plate armour
rNeg   . . .     SustAt   .     (shield currently unavailable)
rPois  .         Gourm    .     (helmet restricted)
rElec  .         Spirit   .     (no cloak)
rCorr  .         Warding  .     f - +1 pair of gloves
rMut   .         Stasis   .     (no boots)
MR     .....                    (no amulet)
Stlth  ..........               (no ring)
                                n - -4 ring of protection (curse)

@: held, not resistant to hostile enchantments, extremely unstealthy
A: antennae 1, claws 1, hooves 1, cold resistance 1, deterioration 2, rot
immunity, MP-powered wands
a: Renounce Religion


You were on level 3 of the Dungeon.
You worshipped Okawaru.
Okawaru was noncommittal.
You were not hungry.

You visited 1 branch of the dungeon, and saw 3 of its levels.

You collected 46 gold pieces.

Inventory:

Hand Weapons
 a - a +0 quarterstaff (weapon)
Missiles
 d - 3 throwing nets (quivered)
Armour
 b - a +0 leather armour
 f - a +1 pair of gloves (worn)
 m - a +0 plate armour (worn)
Jewellery
 n - a cursed -4 ring of protection (left hand)
Scrolls
 o - 3 scrolls of noise {unknown}
Potions
 g - a potion of cancellation
Books
 l - a book of Battle

   Spells                             Type                      Level
   a - Infusion                       Charms                       1
   b - Shroud of Golubria             Charms/Translocation         2
   c - Song of Slaying                Charms                       2
   d - Spectral Weapon                Hexes/Charms                 3
   e - Regeneration                   Charms/Necromancy            3
Comestibles
 c - 3 fruits
 e - 3 bread rations
 h - a chunk of flesh
 k - 2 beef jerkies


   Skills:
 - Level 2.0 Fighting
 + Level 6.5 Staves
 - Level 1.7 Throwing
 - Level 2.6 Dodging


You had 5 spell levels left.
You didn't know any spells.

Dungeon Overview and Level Annotations

Branches:
Dungeon (3/15)

Altars:
Fedhas
Okawaru

Annotations:
D:3 Raultor's ghost, amateur DrTm


Innate Abilities, Weirdness & Mutations

You have a pair of small antennae on your head.
You have sharp fingernails.
You have large cloven feet.
Your flesh is cold resistant.
You are immune to rotting.
Your body often deteriorates upon taking damage.
You expend magic power (3 MP) to strengthen your wands.


Message History

You hit the gnoll but do no damage. You kick the gnoll, but do no damage.
The gnoll is heavily wounded.
You hit the gnoll.
The gnoll is heavily wounded.
The gnoll hits you but does no damage.
You hit the gnoll but do no damage. You kick the gnoll, but do no damage.
The gnoll is heavily wounded.
The gnoll hits you with a whip.
* * * LOW HITPOINT WARNING * * *
Drink which item? (? for menu, Esc to quit)
Okay, then.
The gnoll throws a throwing net.
The throwing net hits you.
You become entangled in the net!
You see here a throwing net.
You struggle against the net.
Unknown command.
You try to slip out of the net.
The gnoll hits you but does no damage.
Unknown command.
You try to slip out of the net.
The gnoll hits you with a whip.
You die...

#.# #.# #.# ..>
#########.#
.....#.#.#
.....#)#
#####.#.#g##.####
.......†@........
#####.#)#.##.####
# #.#)#... # #.
#.#.#####
#.##########.#.#
..............>#
#.#...##.###.#.#
#.#...##.###.#.#
#.#(..'......#..


You could see a gnoll.

Vanquished Creatures
  Grinder (D:3)
  5 gnolls (D:3)
  3 adders (D:2)
  4 worms (D:2)
  3 giant geckos (D:2)
  An orc (D:3)
  2 ball pythons
  10 hobgoblins
  7 kobolds
  2 quokkas (D:2)
  5 bats
  4 giant newts
  3 goblins
  6 jackals (D:2)
  6 rats
62 creatures vanquished.

Notes
Turn   | Place    | Note
--------------------------------------------------------------
     0 | D:1      | MDvedh the Demonspawn Gladiator began the quest for the Orb.
     0 | D:1      | Reached XP level 1. HP: 16/16 MP: 1/1
     2 | D:1      | Noticed a naga
     4 | D:1      | Noticed a human
     4 | D:1      | Noticed a spriggan
     6 | D:1      | Noticed a centaur
     6 | D:1      | Noticed a dwarf
     8 | D:1      | Noticed a gargoyle
     8 | D:1      | Noticed a merfolk
    10 | D:1      | Noticed a demonspawn
    10 | D:1      | Noticed a ghoul
    12 | D:1      | Noticed a vampire
    12 | D:1      | Noticed an octopode
    14 | D:1      | Noticed a tengu
    16 | D:1      | Noticed a vine stalker
    18 | D:1      | Noticed a troll
    18 | D:1      | Noticed a formicid
    20 | D:1      | Noticed a felid
    20 | D:1      | Noticed an elf
    23 | D:1      | Noticed a minotaur
    23 | D:1      | Noticed a draconian
    25 | D:1      | Noticed an ogre
    27 | D:1      | Noticed a demigod
    68 | D:1      | Reached skill level 3 in Staves
   113 | D:1      | Gained mutation: You are immune to rotting. [demonic ancestry]
   113 | D:1      | Reached XP level 2. HP: 20/22 MP: 2/2
   957 | D:2      | Gained mutation: You have a pair of small antennae on your head. [demonic ancestry]
   957 | D:2      | Reached XP level 3. HP: 24/27 MP: 3/3
  1231 | D:2      | Reached skill level 4 in Staves
  1744 | D:2      | Gained mutation: Your flesh is cold resistant. [demonic ancestry]
  1744 | D:2      | Reached XP level 4. HP: 31/33 MP: 4/4
  2086 | D:3      | Noticed Raultor's ghost (amateur DrTm)
  2709 | D:3      | Found a blossoming altar of Fedhas.
  2742 | D:3      | Noticed Grinder
  2762 | D:3      | Gained mutation: You expend magic power (3 MP) to strengthen your wands. [potion of mutation]
  2762 | D:3      | Gained mutation: Your body sometimes deteriorates upon taking damage. [potion of mutation]
  2762 | D:3      | Gained mutation: Your body often deteriorates upon taking damage. [potion of mutation]
  2770 | D:3      | Paralysed by Grinder for 4 turns
  2777 | D:3      | Killed Grinder
  2777 | D:3      | Reached skill level 6 in Staves
  2777 | D:3      | Gained mutation: You have sharp fingernails. [demonic ancestry]
  2777 | D:3      | Reached XP level 5. HP: 6/38 MP: 5/5
  2777 | D:3      | Gained mutation: You have large cloven feet. [demonic ancestry]
  2777 | D:3      | Reached XP level 6. HP: 6/44 MP: 6/6
  3128 | D:3      | Found an iron altar of Okawaru.
  3143 | D:3      | Became a worshipper of Warmaster Okawaru
  3359 | D:3      | HP: 1/44 [gnoll/whip (3)]
  3363 | D:3      | Slain by a gnoll

Action                   |  1- 3 |  4- 6 || total
-------------------------+-------+-------++-------
Melee: Quarterstaff      |   119 |   126 ||   245
  Use: Scroll            |     3 |       ||     3
       Potion            |       |     5 ||     5
  Eat: Chunk             |     3 |     5 ||     8
